 Dungeon Crawl Stone Soup version 0.18-a0-1211-g828307d (webtiles) character file.

93697 4thArraOfDagon the Bludgeoner (level 16, -2/156 HPs)
             Began as an Ogre Ice Elementalist on Feb 2, 2016.
             Was the Champion of Makhleb.
             Slain by a six-headed hydra (9 damage)
             ... on level 4 of the Swamp.
             The game lasted 01:48:14 (15485 turns).

4thArraOfDagon the Bludgeoner (OgIE)               Turns: 15485, Time: 01:48:14

Health: -2/156     AC:  7    Str: 22    XL:     16   Next: 9%
Magic:  16/30      EV: 23    Int: 14    God:    Makhleb [******]
Gold:   1158       SH:  0    Dex: 25    Spells: 9 memorised, 8 levels left

rFire  . . .     SeeInvis .     a - +0 giant club (venom) {=}
rCold  . . .     Gourm    .     X - +0 troll leather armour
rNeg   . . .     Faith    .     (shield currently unavailable)
rPois  +         Spirit   .     U - +1 hat {MR+}
rElec  .         Dismiss  .     N - +0 cloak {+Inv}
rCorr  .         Reflect  .     (gloves unavailable)
SustAt .         Harm     .     (boots unavailable)
MR     ++...                    F - amulet of magic regeneration
Stlth  ++........               K - +6 ring of dexterity
                                q - ring "Rotziamn" {rPois Str+5 Int-5 Dex+5}

@: very slightly contaminated, hasted, repel missiles, very quick, very
resistant to hostile enchantments, unstealthy
A: unfitting armour, agile 2, blurry vision 1, deterioration 1, tough skin 1, no
device heal 1
a: Minor Destruction, Lesser Servant of Makhleb, Major Destruction, Greater
Servant of Makhleb, Renounce Religion, Evoke Invisibility


You were on level 4 of the Swamp.
You worshipped Makhleb.
Makhleb was exalted by your worship.
You were very hungry.

You visited 5 branches of the dungeon, and saw 29 of its levels.
You also visited: Labyrinth and Ice Cave.

You collected 1871 gold pieces.
You spent 713 gold pieces at shops.

Inventory:

Hand Weapons
 a - a +0 giant club of venom (weapon) {=}
 l - the +5 war axe of Gloom {chop, *Confuse rPois Str+2}
   (You bought it in a shop on level 2 of the Orcish Mines)

   It inflicts extra damage upon your enemies.
   It affects your strength (+2).
   It protects you from poison.
   It may confuse you when you take damage.
 r - a +5 blowgun
 L - a +0 giant spiked club
Missiles
 e - 3 large rocks (quivered)
 u - a throwing net
Armour
 N - a +0 cloak of invisibility (worn)
 R - a +1 shield of fire resistance
 U - a +1 hat of magic resistance (worn)
 V - the +1 robe of the Lost Path {-Tele rF+ MP+9 Slay+3}
   (You bought it in a shop on level 2 of the Orcish Mines)

   It affects your accuracy and damage with ranged weapons and melee attacks
   (+3).
   It protects you from fire.
   It affects your magic capacity (+9).
   It prevents most forms of teleportation.
 X - a +0 troll leather armour (worn)
Magical Staves
 b - an uncursed staff of wizardry {!a}
 E - an uncursed staff of earth
Jewellery
 d - an uncursed ring of positive energy
 g - an uncursed amulet of rage
 h - an uncursed ring of see invisible
 q - the ring "Rotziamn" (left hand) {rPois Str+5 Int-5 Dex+5}
   (You found it on level 8 of the Lair of Beasts)

   [ring of strength]

   It affects your strength (+5).
   It affects your intelligence (-5).
   It affects your dexterity (+5).
   It protects you from poison.
 C - a +3 ring of intelligence
 F - an amulet of magic regeneration (around neck)
 I - an uncursed ring of protection from magic
 K - a +6 ring of dexterity (right hand)
Wands
 m - a wand of slowing (22/48)
 t - a wand of iceblast (13/15)
 B - a wand of disintegration (13/24)
 H - a wand of confusion (20/48)
 S - a wand of teleportation (0/9)
Scrolls
 n - a scroll of identify
 o - 2 scrolls of enchant weapon
 p - 4 scrolls of blinking
 s - a scroll of amnesia
 v - 4 scrolls of recharging
 z - a scroll of fear
 A - a scroll of enchant armour
 D - 5 scrolls of remove curse
 G - 3 scrolls of immolation
 T - 2 scrolls of teleportation
 W - a scroll of noise
Potions
 f - 5 potions of curing
 i - 3 potions of berserk rage
 j - 2 potions of ambrosia
 w - a potion of heal wounds
 J - a potion of beneficial mutation
 O - a potion of might
 P - a potion of agility
 Q - a potion of brilliance
Books
 x - a book of the Sky

   Spells                             Type                      Level
   a - Summon Lightning Spire         Summoning/Air                4
   b - Airstrike                      Air                          4
   c - Silence                        Hexes/Air                    5
   d - Deflect Missiles               Charms/Air                   6
   e - Conjure Ball Lightning         Conjuration/Air              6
   f - Tornado                        Air                          9
 y - a book of the Earth

   Spells                             Type                      Level
   a - Leda's Liquefaction            Hexes/Earth                  4
   b - Bolt of Magma                  Conjuration/Fire/Earth       5
   c - Statue Form                    Transmutation/Earth          6
   d - Iron Shot                      Conjuration/Earth            6
   e - Shatter                        Earth                        9
Miscellaneous
 Z - a stone of tremors
Comestibles
 c - 10 bread rations
 M - 4 meat rations
 Y - 13 beef jerkies


   Skills:
 - Level 9.5 Fighting
 * Level 17.5 Maces & Flails
 - Level 13.1 Dodging
 - Level 1.5 Stealth
 - Level 10.2 Spellcasting
 - Level 0.6 Conjurations
 - Level 10.1 Transmutations
   Level 3.0 Ice Magic
 - Level 10.0 Earth Magic
 - Level 3.1 Invocations
 - Level 4.0 Evocations


You had 8 spell levels left.
You knew the following spells:

 Your Spells              Type           Power        Failure   Level  Hunger
a - Cure Poison           Pois           #.........   17%         2    None
b - Stoneskin             Trmt/Erth      #####...     1%          2    None
c - Statue Form           Trmt/Erth      #####....    30%         6    ######.
d - Apportation           Tloc           #.........   12%         1    None
e - Lee's Rapid Deconstr  Erth           #####.....   6%          5    #####..
f - Animate Skeleton      Necr           N/A          12%         1    None
g - Iron Shot             Conj/Erth      ###.......   99%         6    ######.
h - Blink                 Tloc           N/A          17%         2    None
i - Repel Missiles        Chrm/Air       #.....       17%         2    None


Dungeon Overview and Level Annotations

Branches:
Dungeon (14/15)            Temple (1/1) D:5            Lair (8/8) D:8
  Swamp (4/4) Lair:6        Slime (0/6) Lair:8          Orc (2/2) D:10
    Elf (0/3) Orc:2
  Snake: Lair:3-6    Spider: Lair:3-6    Vaults: D:13-14

Altars:
Ashenzari
Kikubaaqudgha
Makhleb
Okawaru
Pakellas
Qazlal
Sif Muna
Trog
Xom
Beogh
Jiyva

Shops:
D:10 }*[[   D:13 ((   Orc:2 ([(}

Annotations:
D:5 exclusion: hungry ghost
D:7 exclusion: ice statue
D:12 exclusion: downstairs
D:13 exclusion: downstairs
D:14 Rupert, Snorg
Swamp:3 Louise


Innate Abilities, Weirdness & Mutations

You are too large for most types of armour.
You have tough skin (AC +1).
You are very agile. (Dex +4)
Scrolls take you a little longer to read.
Your body sometimes deteriorates upon taking damage.
Potions and wands are less effective at restoring your health.


Message History

You fall into the shallow water.
Moving in this stuff is going to be slow.
The six-headed hydra bites you!
* * * LOW HITPOINT WARNING * * *
The six-headed hydra bites you but does no damage.
The six-headed hydra closely misses you.
The six-headed hydra bites you!
* * * LOW HITPOINT WARNING * * *
The six-headed hydra bites you but does no damage.
The six-headed hydra barely misses you.
Unknown command.
Casting: Blink
Confirm with . or Enter, or press ? or * to list all spells.
You miscast Blink.
The air around you crackles with energy!
The six-headed hydra bites you but does no damage.
The six-headed hydra bites you.
* * * LOW HITPOINT WARNING * * *
The six-headed hydra bites you!
You die...

≈≈≈# ≈##D≈# #
.≈#h§## ≈.
≈.#§§§# #..
##n.##i§# #≈.
#≈.n#Dk§#
#.≈≈##DkD≈k§##
..≈♣≈..D.#####
.§.≈...@#
#########


You could see an eight-headed hydra, a seven-headed hydra, 2 six-headed hydras,
a spriggan berserker (confused), 2 bog bodies and 2 swamp drakes.

Vanquished Creatures
  Gastronok (D:12)
  A minotaur (Lab)
  A fire dragon (D:13)
  11 hydras
  An ice dragon (Lair:8)
  A centaur warrior (D:13)
  A tengu warrior (D:13)
  5 alligators
  9 death yaks
  2 orc high priests
  5 skeletal warriors
  An unseen horror (D:14)
  5 hill giants
  A swamp dragon (Swamp:4)
  2 lindwurms (Lair:8)
  A shambling mangrove (Swamp:3)
  A deep elf mage (D:12)
  2 orc sorcerers (Orc:2)
  2 griffons
  A hornet (Swamp:4)
  5 cyclopes (D:13)
  A manticore (D:13)
  4 elephants (Lair:7)
  5 torpor snails (Lair:8)
  2 black mambas
  A kobold demonologist (D:13)
  The ghost of HEYYEYAAE the Digger, a novice HuEE of Lugonu (D:5)
  5 spiny frogs
  5 centaur skeletons
  4 komodo dragons
  5 gargoyles
  A fire drake (Lair:8)
  A tengu conjurer (D:13)
  10 giant leeches
  7 trolls
  3 two-headed ogres
  7 polar bears (Lair:8)
  2 raiju (Lair:8)
  8 bog bodies
  18 blink frogs
  13 slime creatures
  A centaur simulacrum (D:13)
  33 yaks
  2 vampires
  2 wyverns
  A spriggan (Swamp:1)
  A basilisk (Lair:2)
  A steam dragon (Lair:7)
  7 hippogriffs
  21 vampire mosquitoes
  39 wolves
  17 swamp worms
  5 insubstantial wisps (Swamp:2)
  9 wargs
  8 water moccasins
  2 hell hounds (Lair:8)
  4 porcupines
  2 phantoms
  13 black bears
  20 orc warriors
  2 sky beasts
  4 swamp drakes
  An eye of draining (D:12)
  4 ice beasts
  9 ogres
  6 wasps
  5 necrophages
  3 centaurs
  6 crocodiles
  4 big kobolds
  12 giant frogs
  A wyvern skeleton (D:13)
  4 scorpions
  4 killer bees (D:9)
  A crimson imp (D:12)
  A giant frog zombie (D:11)
  3 centaur zombies
  4 jellies
  14 hounds
  10 orc wizards
  3 giant frog skeletons
  11 orc priests
  6 iguanas
  2 hell rats (Lair:8)
  10 worker ants
  15 sheep
  2 worker ant zombies (D:5)
  4 gnolls
  18 river rats
  11 adders
  3 shadow imps
  An ooze (D:1)
  2 adder zombies
  17 worms (Lair:8)
  A giant gecko (D:1)
  72 orcs
  3 giant cockroaches
  5 goblins
  2 hobgoblins
  12 jackals
  8 quokkas
  A ball python (D:3)
  4 bats
  A giant gecko zombie (D:7)
  5 giant newts
  12 kobolds
  6 rats
  2 fungi (Lair:8)
  A plant (Lair:8)
688 creatures vanquished.

Vanquished Creatures (collateral kills)
  Aizul (Swamp:4)
  An orc warlord (Orc:2)
  2 hydras
  A death yak (Lair:7)
  An orc high priest (Orc:2)
  A skeletal warrior (D:13)
  2 ugly things (D:13)
  A centaur zombie (D:13)
  A spiny frog (Lair:8)
  A polar bear (Lair:8)
  10 blink frogs
  A vampire (D:12)
  4 yaks
  A hungry ghost (D:13)
  2 vampire mosquitoes
  5 wolves
  A warg (Orc:2)
  2 hell hounds (Lair:8)
  A water moccasin (Lair:8)
  4 orc warriors
  A sky beast (D:12)
  2 wasps
  An ogre (Orc:2)
  A hound (Lair:8)
  2 orc priests
  3 orc wizards (Orc:2)
  2 hell rats (Lair:8)
  2 adders (D:12)
  4 river rats (Lair:2)
  A worm (Lair:8)
  9 orcs
  A kobold (D:12)
  A fungus (Lair:3)
  A plant (Lair:8)
74 creatures vanquished.

Vanquished Creatures (others)
  A swamp worm (Swamp:4)
  An orc wizard (Orc:2)
  An orc (Orc:2)
  3 fungi
  21 plants
27 creatures vanquished.

Grand Total: 789 creatures vanquished

Notes
Turn   | Place    | Note
--------------------------------------------------------------
     0 | D:1      | 4thArraOfDagon the Ogre Ice Elementalist began the quest for the Orb.
     0 | D:1      | Reached XP level 1. HP: 16/16 MP: 3/3
     0 | D:1      | mustwin
   166 | D:1      | WTF
   173 | D:1      | good start
   230 | D:1      | Reached XP level 2. HP: 24/24 MP: 3/5
   313 | D:2      | Reached skill level 1 in Maces & Flails
   429 | D:3      | Reached XP level 3. HP: 31/31 MP: 6/6
   437 | D:3      | Reached skill level 3 in Ice Magic
   821 | D:3      | 4thArraOfDagon: sup
   842 | D:3      | jacquesderrida: degin bek
   950 | D:3      | Reached XP level 4. HP: 28/39 MP: 1/7
   986 | D:3      | Reached skill level 1 in Evocations
  1105 | D:4      | Noticed an ogre
  1119 | D:4      | Killed an ogre
  1119 | D:4      | Reached skill level 4 in Maces & Flails
  1119 | D:4      | Reached XP level 5. HP: 15/45 MP: 8/8
  1492 | D:4      | Reached skill level 5 in Maces & Flails
  1522 | D:4      | Reached XP level 6. HP: 53/53 MP: 9/9
  1595 | D:4      | Learned a level 2 spell: Stoneskin
  1602 | D:4      | Learned a level 6 spell: Statue Form
  1635 | D:4      | Reached skill level 6 in Maces & Flails
  1646 | D:4      | You fall through a shaft for 3 floors!
  1936 | D:7      | Noticed an orc warrior
  2022 | D:5      | Entered Level 5 of the Dungeon
  2067 | D:5      | Reached XP level 7. HP: 32/61 MP: 11/11
  2225 | D:5      | Noticed HEYYEYAAE's ghost (novice HuEE)
  2363 | D:5      | Reached skill level 1 in Transmutations
  2539 | D:5      | Found a staircase to the Ecumenical Temple.
  2553 | Temple   | Entered the Ecumenical Temple
  2564 | Temple   | 4thArraOfDagon: what gawd
  2569 | Temple   | Became a worshipper of Makhleb the Destroyer
  2599 | D:5      | Killed HEYYEYAAE's ghost
  2599 | D:5      | Reached skill level 1 in Fighting
  2599 | D:5      | Reached skill level 1 in Earth Magic
  2602 | D:5      | Reached skill level 7 in Maces & Flails
  2629 | D:5      | Noticed a hungry ghost
  2785 | D:4      | Reached XP level 8. HP: 66/74 MP: 12/12
  3151 | D:6      | Reached skill level 8 in Maces & Flails
  3158 | D:6      | Gained mutation: You are dopey. (Int -2) [mutagenic meat]
  3160 | D:6      | Gained mutation: Your muscles are strong. (Str +2) [mutagenic meat]
  3161 | D:6      | Gained mutation: You are somewhat resistant to further mutation. [mutagenic meat]
  3163 | D:6      | Gained mutation: Your magical capacity is low (-10% MP). [mutagenic meat]
  3191 | D:6      | Learned a level 1 spell: Apportation
  3248 | D:6      | Reached * piety under Makhleb
  3355 | D:7      | Reached XP level 9. HP: 54/84 MP: 13/13
  3445 | D:7      | Noticed an ice statue
  3474 | D:7      | Found a shimmering altar of Xom.
  3675 | D:7      | Found a deep blue altar of Sif Muna.
  3681 | D:7      | Found an iron altar of Okawaru.
  3701 | D:8      | Found a staircase to the Lair.
  3898 | D:9      | Found an oddly glowing altar of Pakellas.
  3939 | D:9      | Noticed a troll
  3963 | D:9      | Killed a troll
  3965 | D:9      | Reached skill level 9 in Maces & Flails
  4176 | D:9      | Reached ** piety under Makhleb
  4257 | D:10     | Entered Level 10 of the Dungeon
  4263 | D:10     | Found Zaxiud's Gadget Shoppe.
  4308 | D:10     | Found Tokei's Armour Shoppe.
  4332 | D:10     | Found Mem Mima's Antique Armour Shoppe.
  4337 | D:10     | Found Urugeukh's General Store.
  4355 | D:10     | Bought a glowing cloak for 171 gold pieces
  4355 | D:10     | Bought a shiny shield for 171 gold pieces
  4512 | D:10     | Found a staircase to the Orcish Mines.
  4529 | D:10     | Reached skill level 5 in Fighting
  4700 | D:9      | Reached skill level 1 in Invocations
  4882 | D:9      | Reached XP level 10. HP: 56/94 MP: 15/15
  5181 | D:11     | Found a labyrinth entrance.
  5198 | D:11     | Reached skill level 5 in Spellcasting
  5213 | Lab      | Entered a labyrinth
  5236 | Lab      | Noticed a gargoyle
  5236 | Lab      | Noticed a gargoyle
  5236 | Lab      | Noticed a gargoyle
  5236 | Lab      | Noticed a gargoyle
  5263 | Lab      | Killed a gargoyle
  5311 | Lab      | Killed a gargoyle
  5311 | Lab      | Reached skill level 10 in Maces & Flails
  5351 | Lab      | Killed a gargoyle
  5357 | Lab      | Killed a gargoyle
  5571 | Lab      | Noticed a minotaur
  5579 | Lab      | Killed a minotaur
  5579 | Lab      | Reached skill level 5 in Transmutations
  5605 | Lab      | Identified Balis's Tome of Intoxication and Confrontation (You found it in a labyrinth)
  5876 | D:12     | Found a frozen archway.
  5881 | IceCv    | Entered an ice cave
  5891 | D:12     | Noticed a deep elf mage
  5950 | D:12     | Reached *** piety under Makhleb
  5950 | D:12     | Reached skill level 5 in Dodging
  5950 | D:12     | Reached XP level 11. HP: 71/105 MP: 17/17
  6061 | D:12     | Noticed Gastronok
  6200 | D:12     | Noticed a skeletal warrior
  6211 | D:12     | Noticed a seven-headed hydra
  6255 | D:12     | Killed Gastronok
  6315 | D:12     | Noticed a hill giant
  6428 | D:13     | Noticed a cyclops
  6428 | D:13     | Noticed a brown ugly thing
  6673 | D:13     | Found Fuacrau's Weapon Boutique.
  6709 | D:13     | Reached skill level 10 in Dodging
  6773 | D:13     | Noticed a cyclops
  6786 | D:13     | Killed a cyclops
  6831 | D:13     | Noticed a cyclops
  6835 | D:13     | Killed a cyclops
  6835 | D:13     | Reached skill level 11 in Dodging
  6852 | D:13     | Reached **** piety under Makhleb
  6853 | D:13     | Noticed a white ugly thing
  6929 | D:13     | Reached skill level 12 in Dodging
  7047 | D:13     | Noticed a centaur warrior
  7047 | D:13     | Noticed a cyclops
  7060 | D:13     | Killed a cyclops
  7309 | D:14     | Noticed an unseen horror
  7311 | D:14     | Noticed a centaur warrior
  7322 | D:14     | Killed an unseen horror
  7322 | D:14     | Reached skill level 13 in Dodging
  7322 | D:14     | Reached XP level 12. HP: 68/113 MP: 18/18
  7629 | D:13     | Killed a centaur warrior
  7629 | D:13     | Reached skill level 5 in Earth Magic
  7738 | D:13     | Noticed a tengu warrior
  7763 | D:13     | Killed a tengu warrior
  8101 | D:13     | Noticed a seven-headed hydra
  8106 | D:13     | Killed a seven-headed hydra
  8196 | D:13     | Noticed a fire dragon
  8229 | D:13     | Killed a fire dragon
  8665 | D:13     | Gained mutation: You have a pair of small antennae on your head. [mutagenic meat]
  8666 | D:13     | Lost mutation: Your magical capacity is low (-10% MP). [mutagenic meat]
  8693 | D:13     | Reached XP level 13. HP: 127/127 MP: 23/23
  8792 | D:14     | Noticed Rupert
  8836 | D:14     | Noticed Snorg
  8939 | D:13     | Found Reto's Antique Weapon Shoppe.
  9219 | D:12     | Learned a level 5 spell: Lee's Rapid Deconstruction
  9223 | D:12     | Learned a level 3 spell: Stone Arrow
  9992 | Orc:1    | Entered Level 1 of the Orcish Mines
  9995 | Orc:2    | Entered Level 2 of the Orcish Mines
 10070 | Orc:2    | Found a staircase to the Elven Halls.
 10100 | Orc:2    | Found a roughly hewn altar of Beogh.
 10125 | Orc:2    | Reached ***** piety under Makhleb
 10161 | Orc:2    | Found Wifar's Antique Weapon Emporium.
 10371 | Orc:2    | Found a roughly hewn altar of Beogh.
 10376 | Orc:2    | Found Bonouxze's Gadget Emporium.
 10517 | Orc:2    | Found a roughly hewn altar of Beogh.
 10535 | Orc:2    | Found a roughly hewn altar of Beogh.
 10666 | Orc:2    | Noticed an orc warlord
 11043 | Orc:2    | Killed an orc warlord
 11070 | Orc:2    | Found Sueromeu's Antique Weapon Boutique.
 11071 | Orc:2    | Found a roughly hewn altar of Beogh.
 11084 | Orc:2    | Found Odghux's Antique Armour Shop.
 11095 | Orc:2    | Bought a crystal war axe for 195 gold pieces
 11099 | Orc:2    | Identified the +5 war axe of Gloom {chop, *Confuse rPois Str+2} (You bought it in a shop on level 2 of the Orcish Mines)
 11106 | Orc:2    | Bought a shimmering robe for 176 gold pieces
 11116 | Orc:2    | Identified the cursed +1 robe of the Lost Path {-Tele rF+ MP+9 Slay+3} (You bought it in a shop on level 2 of the Orcish Mines)
 11366 | Lair:1   | Entered Level 1 of the Lair of Beasts
 11565 | Lair:2   | Reached XP level 14. HP: 102/140 MP: 24/26
 11646 | Lair:2   | Reached skill level 14 in Maces & Flails
 11755 | Lair:1   | Learned a level 2 spell: Cure Poison
 11890 | Lair:3   | Learned a level 6 spell: Iron Shot
 12010 | Lair:3   | Gained mutation: Scrolls take you a little longer to read. [potion of mutation]
 12011 | Lair:3   | Gained mutation: Scrolls take you longer to read. [potion of mutation]
 12297 | Lair:5   | Lost mutation: Your muscles are strong. (Str +2) [potion of cure mutation]
 12297 | Lair:5   | Lost mutation: Scrolls take you longer to read. [potion of cure mutation]
 12297 | Lair:5   | Lost mutation: You are somewhat resistant to further mutation. [potion of cure mutation]
 12297 | Lair:5   | Lost mutation: You are dopey. (Int -2) [potion of cure mutation]
 12297 | Lair:5   | Lost mutation: You have a pair of small antennae on your head. [potion of cure mutation]
 12299 | Lair:5   | brillant
 12357 | Lair:4   | Gained mutation: You are agile. (Dex +2) [potion of mutation]
 12357 | Lair:4   | Gained mutation: Potions and wands are less effective at restoring your health. [potion of mutation]
 12357 | Lair:4   | Gained mutation: Your body sometimes deteriorates upon taking damage. [potion of mutation]
 12358 | Lair:4   | geat'
 12661 | Lair:6   | Gained mutation: You are very agile. (Dex +4) [potion of beneficial mutation]
 12911 | Lair:7   | Reached ****** piety under Makhleb
 13192 | Lair:8   | Entered Level 8 of the Lair of Beasts
 13302 | Lair:8   | Found a staircase to the Slime Pits.
 13303 | Lair:8   | Found a viscous altar of Jiyva.
 13365 | Lair:8   | Yermak: I sense vamp GSC
 13499 | Lair:8   | Identified the Handbook of Supportive Evil Magic (You found it on level 8 of the Lair of Beasts)
 13554 | Lair:8   | 4thArraOfDagon: hi
 13554 | Lair:8   | jacquesderrida: hi
 13554 | Lair:8   | 4thArraOfDagon: you are bringing luck!
 13555 | Lair:8   | Got a brightly glowing lead ring
 13556 | Lair:8   | jacquesderrida: helo
 13557 | Lair:8   | Identified the ring "Rotziamn" {rPois Str+5 Int-5 Dex+5} (You found it on level 8 of the Lair of Beasts)
 13558 | Lair:8   | jacquesderrida: deng
 13727 | Lair:8   | Reached XP level 15. HP: 139/148 MP: 12/28
 13835 | Lair:8   | 4thArraOfDagon: mang
 13884 | Lair:8   | Learned a level 1 spell: Animate Skeleton
 13899 | Lair:8   | jacquesderrida: deng meng
 13939 | Lair:8   | Found a runed door.
 14048 | Lair:8   | Reached skill level 10 in Transmutations
 14057 | Lair:8   | Reached skill level 10 in Spellcasting
 14365 | Lair:6   | Reached skill level 10 in Earth Magic
 14476 | Lair:6   | Found a staircase to the Swamp.
 14487 | Swamp:1  | Entered Level 1 of the Swamp
 14487 | Swamp:1  | Turgon: If you assign your GC as 'a' and staff wiz as 'b' you can swap weapons with the command '
 14487 | Swamp:1  | Turgon: I thought you'd know this :-)
 14592 | Swamp:1  | You fall through a shaft!
 14765 | Swamp:2  | 4thArraOfDagon: how to
 14765 | Swamp:2  | Turgon: =
 14765 | Swamp:2  | 4thArraOfDagon: ok i made inevitable mistake
 14765 | Swamp:2  | 4thArraOfDagon: i hit f12 during inscribing
 14765 | Swamp:2  | 4thArraOfDagon: this permamently freezes gui
 14765 | Swamp:2  | Turgon: ?
 14765 | Swamp:2  | 4thArraOfDagon: i have to reload now
 14765 | Swamp:2  | Yermak: I guess it is
 14765 | Swamp:2  | Turgon: ok
 14765 | Swamp:2  | Yermak: I made exactly this mistake earlier today
 14765 | Swamp:2  | 4thArraOfDagon: haha yeah
 14765 | Swamp:2  | 4thArraOfDagon: so annoying
 14765 | Swamp:2  | Yermak: but actually F12 in search window
 14765 | Swamp:2  | 4thArraOfDagon: :/
 14765 | Swamp:2  | Yermak: it's not inscribing
 14765 | Swamp:2  | Turgon: no :-)
 14765 | Swamp:2  | 4thArraOfDagon: what
 14765 | Swamp:2  | Turgon: just type =
 14766 | Swamp:2  | 4thArraOfDagon: cool
 14766 | Swamp:2  | Turgon: You didn't know this? wow
 14766 | Swamp:2  | 4thArraOfDagon: good day to learn new techniques
 14782 | Swamp:2  | Turgon: And you know that you can burn tree with lightning or fire wand
 14784 | Swamp:2  | Turgon: (if they still exist)
 14797 | Swamp:2  | Reached skill level 15 in Maces & Flails
 14845 | Swamp:2  | Yermak: that's smth hilarious
 14902 | Swamp:2  | Yermak: that player with 11k games doesn't know about 'a' slot for weapons
 14925 | Swamp:2  | Turgon: yes
 15005 | Swamp:3  | Turgon: I assigned lots of things!
 15038 | Swamp:3  | Turgon: Like c = ring of rC+, f = ring of rF+ etc
 15081 | Swamp:3  | Learned a level 2 spell: Blink
 15081 | Swamp:3  | Turgon: or m = ring MR+
 15084 | Swamp:3  | Learned a level 2 spell: Repel Missiles
 15221 | Swamp:3  | Reached skill level 16 in Maces & Flails
 15273 | Swamp:3  | Noticed Louise
 15275 | Swamp:4  | Entered Level 4 of the Swamp
 15275 | Swamp:4  | Noticed Aizul
 15296 | Swamp:4  | Killed Aizul
 15444 | Swamp:4  | Reached skill level 17 in Maces & Flails
 15449 | Swamp:4  | Reached XP level 16. HP: 156/156 MP: 5/30
 15482 | Swamp:4  | Turgon: argh
 15482 | Swamp:4  | 4thArraOfDagon: meh
 15482 | Swamp:4  | 4thArraOfDagon: good game
 15484 | Swamp:4  | Turgon: You have 4 blink scrolls
 15484 | Swamp:4  | 4thArraOfDagon: i have
 15484 | Swamp:4  | 4thArraOfDagon: slow reading
 15484 | Swamp:4  | Turgon: oh
 15484 | Swamp:4  | Turgon: mutation roulette
 15484 | Swamp:4  | zkyp: but very agile! you got this
 15485 | Swamp:4  | HP: 7/156 [six-headed hydra (6)]
 15485 | Swamp:4  | Slain by a six-headed hydra

Vault maps used:
D:1:      matt_arrival_refuge
D:2:      ecumenical_altar_1, st_stairs_12
D:4:      first_bread
D:5:      minmay_temple_entry_statues_fountains
D:7:      lemuel_ice_statue, old_standard_altar, nicolae_overflow_hidden_temple
D:8:      yredelemnul_altar_generic, lair_0_dummy, grunt_pizzeria,
          hangedman_minor_gate_pass
D:9:      grunt_pakellas_mercury
D:10:     serial_shops, shop, nicolae_shop_stone, shop, nicolae_shop_crystal,
          stair_cage_line, grunt_tough_drop
D:11:     lab_entry_generic
D:12:     portal_ice_cave_entry_pillars_01, uniq_gastronok
D:13:     minmay_spiral_squares, serial_shops, nicolae_shop_window_shopping,
          nicolae_shop_crystal
D:14:     erik_vaults_1, special_room, xom_redecorated, uniq_agnes, uniq_rupert,
          uniq_snorg
Temple:   nicolae_temple_elliptical
Lair:1:   uniq_joseph
Lair:2:   grunt_forest_large_clearings, grunt_megastairs_1,
          infiniplex_staircase_pool
Lair:3:   serial_bayou_ford_a
Lair:4:   spider_nest_entry_web_field, serial_bayou_shore_a, grunt_megastairs_2
Lair:5:   uniq_nessos
Lair:6:   minmay_swamp_entry_worms, nicolae_lair_grove_arrangements,
          grunt_megastairs_3, bh_autumn_forest_stairs, lemuel_fruit_tree
Lair:7:   st_stairs_12, infiniplex_staircase_pool_2, grunt_megastairs_5
Lair:8:   wormcave, hangedman_lair_caniforms_friends, slime_altar_1,
          serial_bayou_shore_b
Swamp:1:  evilmike_swamp_ruin_house_3
Swamp:2:  hangedman_swamp_pad
Swamp:3:  evilmike_swamp_ruin_wall, uniq_louise, uniq_roxanne
Swamp:4:  swamp_basic_johnstein, uniq_aizul, uniq_mara
Orc:1:    nicolae_orc_accident_3, serial_shops,
          nicolae_shop_temple_entry_statues_fountains, uniq_harold,
          uniq_nergalle
Orc:2:    grunt_orc_community_town_hall, grunt_orc_community_big_house_1,
          grunt_orc_community_big_house_1, grunt_orc_community_house_3,
          grunt_orc_community_house_3, grunt_orc_community_house_2,
          grunt_orc_community_house_2
Lab:      labyrinth_spiral, nicolae_lab_x, nicolae_lab_quarters, lab_statue,
          nicolae_lab_lava
IceCv:    ice_cave_statue_garden_01

Action                   |  1- 3 |  4- 6 |  7- 9 | 10-12 | 13-15 | 16-18 || total
-------------------------+-------+-------+-------+-------+-------+-------++-------
Melee: Dagger            |    38 |       |       |       |       |       ||    38
       Unarmed           |     4 |       |       |       |       |       ||     4
       Flail             |    48 |    71 |     9 |       |       |       ||   128
       Staff             |       |     1 |       |       |       |       ||     1
       Giant spiked club |       |       |    54 |       |       |       ||    54
       Giant club        |       |       |   175 |   426 |  1684 |    28 ||  2313
Throw: Stone             |     1 |       |     1 |       |       |       ||     2
       Large rock        |       |       |       |    40 |    43 |       ||    83
 Cast: Freeze            |    25 |    29 |    19 |       |       |       ||    73
       Statue Form       |       |       |       |       |    32 |       ||    32
       Cure Poison       |       |       |       |       |     5 |       ||     5
       Stoneskin         |       |       |       |       |     2 |       ||     2
       Repel Missiles    |       |       |       |       |     1 |       ||     1
       Blink             |       |       |       |       |       |     2 ||     2
Invok: Lesser Servant of |       |       |       |    13 |    39 |       ||    52
 Abil: Evoke Berserk Rag |     1 |     6 |    12 |    23 |    12 |       ||    54
Evoke: Wand              |       |     4 |    20 |     6 |    17 |     1 ||    48
  Use: Potion            |     1 |     1 |     2 |     4 |    15 |     1 ||    24
       Scroll            |     2 |     4 |     6 |    13 |    11 |       ||    36
 Stab: Sleeping          |     2 |       |     4 |     4 |       |       ||    10
       Paralysed         |       |       |    16 |       |       |       ||    16
       Confused          |       |       |     1 |     4 |       |       ||     5
       Distracted        |       |       |       |     2 |     6 |       ||     8
  Eat: Chunk             |     1 |     5 |    30 |    20 |    37 |       ||    93
       Bread ration      |       |     1 |       |     2 |       |       ||     3
       Beef jerky        |       |       |     1 |       |     5 |       ||     6
       Pizza             |       |       |     1 |       |     1 |       ||     2
       Meat ration       |       |       |       |     2 |       |       ||     2
       Fruit             |       |       |       |       |    11 |       ||    11
